 Dungeon Crawl Stone Soup version 0.31-a0-237-g2d982f9f85 (webtiles) character file.

Game seed: 12678761251140748428

42653 qw the Marksgargoyle (level 14, -5/94 HPs)
             Began as a Gargoyle Hexslinger on July 11, 2023.
             Was an Elder of Okawaru.
             Slain by a komodo dragon (21 damage)
             ... on level 5 of the Lair of Beasts.
             The game lasted 00:05:57 (13290 turns).

qw the Marksgargoyle (Gargoyle Hexslinger)         Turns: 13290, Time: 00:05:57

Health: -5/94      AC: 24    Str: 11    XL:     14   Next: 20%
Magic:  19/21      EV: 27    Int: 14    God:    Okawaru [****..]
Gold:   1008       SH:  5    Dex: 22    Spells: 14/15 levels left

rFire   . . .        Y - +4 orcbow (flame)
rCold   . . .        (shield currently unavailable)
rNeg    + + +        c - +1 leather armour "Wofeul" {Fly rN+++ Str-2 Stlth-}
rPois   inf          u - +2 helmet
rElec   +            p - +0 cloak
rCorr   .            a - +2 pair of gloves
SInv    .            (no boots)
Will    +....        r - amulet of reflection
Stlth   ++           s - +6 ring of dexterity
HPRegen 0.35/turn    f - +5 ring of evasion
MPRegen 0.17/turn

%: reflection
@: about to teleport, heroic, flying
A: sickness immunity, AC +10, big wings, negative energy resistance 1,
electricity resistance, torment resistance 1, petrification resistance
a: Renounce Religion, Heroism, Finesse


You were on level 5 of the Lair of Beasts.
You worshipped Okawaru.
Okawaru was greatly pleased with you.
You visited 2 branches of the dungeon, and saw 14 of its levels.

You collected 1470 gold pieces.
You spent 462 gold pieces at shops.


Innate Abilities, Weirdness & Mutations

You are immune to sickness and miasma.
Your stone body is resilient. (AC +10)
You are immune to poison.
Your large and strong wings let you fly.
You resist negative energy. (rN+)
You are resistant to electric shocks. (rElec)
You are resistant to unholy torment.
You are immune to petrification.


   Skills:
 - Level 13.0(18.0) Fighting
 - Level 16.0(21.0) Ranged Weapons
 - Level 6.0(11.0) Armour
 + Level 8.1(13.1) Dodging
 - Level 1.0 Spellcasting
 - Level 2.6 Hexes
 - Level 10.0 Invocations


You had 14 spell levels left.
You knew the following spells:

 Your Spells              Type           Power      Damage    Failure   Level
a - Slow                  Hex            32%        N/A       11%         1

Your spell library contained the following spells:

 Spells                   Type           Power      Damage    Failure   Level
 Inner Flame              Hex/Fire       4%         N/A       50%         3
 Portal Projectile        Hex/Tloc       8%         N/A       50%         3
 Cause Fear               Hex            4%         N/A       71%         4

Inventory:

Hand Weapons
 Y - a +4 orcbow of flaming (weapon)
Armour
 a - a +2 pair of gloves (worn)
 c - the +1 leather armour "Wofeul" (worn) {Fly rN+++ Str-2 Stlth-}
   (You found it on level 1 of the Lair of Beasts)

   Str:       It affects your strength (-2).
   rN:        It renders you almost immune to negative energy.
   Fly:       It grants you flight.
   Stlth:     It makes you less stealthy.
 h - a +2 leather armour of cold resistance
 k - a +3 leather armour
 m - a +2 leather armour of willpower
 p - a +0 cloak (worn)
 u - a +2 helmet (worn)
Jewellery
 f - a +5 ring of evasion (right hand)
 q - a ring of protection from fire
 r - an amulet of reflection (around neck)
 s - a +6 ring of dexterity (left hand)
Wands
 i - a wand of digging (3)
Scrolls
 l - a scroll of teleportation
 t - 3 scrolls of identify
Potions
 b - a potion of heal wounds
 d - 3 potions of enlightenment
 e - a potion of haste
 g - 7 potions of curing
 j - a potion of cancellation
 n - a potion of might
 o - a potion of magic
 v - a potion of resistance {unknown}

Dungeon Overview and Level Annotations

Branches:
Dungeon (9/15)             Temple (0/1) D:7            Lair (5/5) D:9
  Swamp (0/4) Lair:2        Snake (0/4) Lair:3        Slime (0/5) Lair:4
    Orc: D:9-12

Altars:
Cheibriados
Dithmenos
Fedhas
Nemelex Xobeh
Okawaru
Qazlal
Ru
Sif Muna
Trog
Wu Jian
Yredelemnul
Jiyva

Shops:
D:2 [   D:6 *   D:8 *

Annotations:
D:4 1 runed translucent door, qw's ghost, amateur MiHs
Lair:1 1 runed translucent door, qw's ghost, novice MiHs
Lair:2 3 runed translucent doors, qw's ghost, journeyman DEHu; qw's ghost, journeyman GrFi


Message History

The komodo dragon barely misses you.
You shoot an arrow. The arrow hits the dream sheep!
The arrow burns the dream sheep.
The dream sheep is almost dead.
The dream sheep misses you. You block the dream sheep's attack. x2
The dream sheep completely misses you. The blink frog hits you!
You shoot an arrow.
The arrow barely misses the dream sheep. x2
The komodo dragon barely misses you.
The dream sheep bites you but does no damage. x2
The dream sheep barely misses you.
The dream sheep bites you but does no damage.
The dream sheep misses you.
You shoot an arrow.
The arrow closely misses the dream sheep.
The arrow hits the dream sheep!!
The arrow burns the dream sheep.
You kill the dream sheep!
Okawaru accepts your kill.
The blink frog hits you but does no damage.
The blink frog hits you! The komodo dragon bites you!!
The dream sheep bites you but does no damage.
You block the dream sheep's attack. The dream sheep closely misses you.
You block the dream sheep's attack. The dream sheep misses you.
13288 ||| INVOKING Heroism.
You gain the combat prowess of a mighty hero.
You can no longer enter into single combat with a foe.
Okawaru will no longer gift you equipment.
You block the blink frog's attack. The blink frog completely misses you.
The blink frog blinks!
The komodo dragon bites you!
The dream sheep completely misses you. x2; The dream sheep misses you.
You block the dream sheep's attack. x2
You shoot an arrow. The arrow hits the dream sheep.
The arrow burns the dream sheep.
The dream sheep is almost dead.
The blink frog misses you. The blink frog hits you!
13290 ||| READING 2 scrolls of teleportation.
As you read the scroll of teleportation, it crumbles to dust.
You feel strangely unstable. The blink frog completely misses you.
The komodo dragon bites you!!
You die...

........................[.###
..........................##
..##....####....P..P.##....#
.......## #....##.#.##.#.##
.###. ##.........#..P..#
.#.....##.........#
#......###...#PP.##
#....YYF........#
#....Y@F........#
#P...YYl.#...#P.#
#P.....###..###..# PP......$
..:.. ..# ......... ........#
................. #
................. .......#.##


You could see a komodo dragon, 2 blink frogs and 5 dream sheep.

Vanquished Creatures
  2 hydras
  4 death yaks (Lair:4)
  3 two-headed ogres (D:9)
  A boulder beetle (Lair:3)
  2 skysharks
  A bog body (Lair:2)
  Pikel (D:5)
  11 elephants
  Joseph (D:7)
  6 black mambas
  18 cane toads
  Maggie (D:7)
  9 komodo dragons
  A kobold demonologist (D:7)
  A troll (D:8)
  5 polar bears
  Grinder (D:5)
  6 dream sheep (Lair:5)
  42 blink frogs
  Sigmund (D:7)
  A vampire (D:9)
  A shadow (D:9)
  3 wyverns
  20 yaks
  Eustachio (D:5)
  A steam dragon (Lair:4)
  Edmund (D:7)
  A naga (Lair:3)
  4 acid dragons (D:9)
  13 water moccasins
  2 ice beasts
  2 black bears
  3 orc warriors
  An ogre (D:6)
  6 wolves (Lair:1)
  3 centaurs
  2 phantoms
  2 kobold brigands
  A lemure (D:5)
  14 bullfrogs
  3 scorpions
  A gnoll sergeant (D:6)
  10 wights
  9 killer bees (D:9)
  3 electric eels (Lair:1)
  2 jellies (D:6)
  3 orc priests
  A gnoll bouda (D:5)
  4 hounds
  5 iguanas
  9 orc wizards
  3 gnolls (D:6)
  7 adders
  A river rat (D:4)
  2 worms
  12 orcs
  4 endoplasms
  7 giant cockroaches
  5 goblins
  5 hobgoblins
  7 quokkas
  2 ball pythons
  7 bats
  3 frilled lizards
  11 kobolds
  9 rats
334 creatures vanquished.

Notes
Turn   | Place    | Note
-------+----------+-------------------------------------------
     0 | D:1      | qw the Gargoyle Hexslinger began the quest for the Orb.
     0 | D:1      | Reached XP level 1. HP: 12/12 MP: 2/2
     0 | D:1      | 0 ||| qw: Version: 0.3-a-52-g30416fa
     0 | D:1      | 0 ||| qw: Game counter: 5576
     0 | D:1      | 0 ||| qw: Melee chars always use a shield: true
     0 | D:1      | 0 ||| qw: God list: Okawaru
     0 | D:1      | 0 ||| qw: Allow faded altars: false
     0 | D:1      | 0 ||| qw: Do Orc after clearing Dungeon:15 true
     0 | D:1      | 0 ||| qw: Do second Lair branch before Depths: true
     0 | D:1      | 0 ||| qw: Lair rune preference: random
     0 | D:1      | 0 ||| qw: Goals: Normal
     0 | D:1      | 0 ||| PLANNING D:1-11
   135 | D:1      | Reached XP level 2. HP: 16/16 MP: 3/3
   217 | D:1      | 217 ||| FLEEEEING.
   226 | D:1      | Reached skill level 3 in Ranged Weapons
   873 | D:1      | 873 ||| UPGRADING to +0 ring mail.
   883 | D:1      | 883 ||| DROPPING +0 robe.
   884 | D:1      | 884 ||| READING scroll labelled SOMAW CESIETZ.
   885 | D:1      | 885 ||| READING scroll labelled DILE HUNGAIGASHI.
   886 | D:1      | 886 ||| DRINKING 2 green potions.
   887 | D:1      | 887 ||| DROPPING scroll of poison.
   902 | D:2      | 902 ||| STAIRDANCE
   933 | D:2      | Reached XP level 3. HP: 22/22 MP: 4/4
  1059 | D:2      | Reached XP level 4. HP: 27/27 MP: 5/5
  1130 | D:2      | Found a faded altar of an unknown god.
  1389 | D:2      | Found Esmon's Antique Armour Shoppe.
  1430 | D:2      | 1430 ||| BUYING glowing leather armour (120 gold).
  1430 | D:2      | Bought a glowing leather armour for 120 gold pieces
  1430 | D:2      | 1430 ||| SHOPLISTING runed helmet (180 gold, have 19).
  1566 | D:2      | 1566 ||| UPGRADING to +0 pair of gloves.
  1571 | D:2      | 1571 ||| UPGRADING to +3 leather armour.
  1581 | D:2      | 1581 ||| DROPPING +0 ring mail.
  1582 | D:2      | 1582 ||| UPGRADING to ring of protection from fire.
  1583 | D:2      | 1583 ||| READING scroll labelled CEAHUKH OPEKI.
  1584 | D:2      | 1584 ||| READING scroll labelled JYHIVIUTOIN.
  1682 | D:3      | 1682 ||| DRINKING 2 golden potions.
  1683 | D:3      | 1683 ||| DRINKING 2 cyan potions.
  1824 | D:3      | Reached skill level 4 in Ranged Weapons
  1910 | D:3      | Found a sacrificial altar of Ru.
  1931 | D:3      | Found a stormy altar of Qazlal.
  1964 | D:3      | Found a basalt altar of Yredelemnul.
  1965 | D:3      | Found a snail-covered altar of Cheibriados.
  1966 | D:3      | Found a sparkling altar of Nemelex Xobeh.
  2021 | D:3      | Found a shadowy altar of Dithmenos.
  2286 | D:3      | Found a blossoming altar of Fedhas.
  2467 | D:3      | 2467 ||| UPGRADING to +0 cloak.
  2472 | D:3      | 2472 ||| UPGRADING to amulet of reflection.
  2477 | D:3      | 2477 ||| READING scroll labelled OZIMED PIWK.
  2478 | D:3      | 2478 ||| READING scroll labelled ITHREANGAWY.
  2481 | D:3      | 2481 ||| DRINKING 4 white potions.
  2482 | D:3      | 2482 ||| DRINKING 3 lumpy green potions.
  2483 | D:3      | 2483 ||| DRINKING 2 metallic orange potions.
  2523 | D:3      | 2523 ||| DRINKING 2 fizzy green potions.
  2524 | D:3      | 2524 ||| DROPPING potion of berserk rage.
  2525 | D:3      | 2525 ||| DROPPING potion of lignification.
  2526 | D:3      | 2526 ||| DROPPING potion of attraction.
  2548 | D:4      | 2548 ||| PLANNING SEWER
  2596 | D:4      | Found a shimmering blue altar of Sif Muna.
  2688 | D:4      | Found a runed translucent door.
  2690 | D:4      | Noticed qw's ghost (amateur MiHs)
  2697 | D:4      | Reached XP level 5. HP: 31/31 MP: 6/6
  3148 | D:4      | 3148 ||| Stepping ~*~*~tactically~*~*~ (water).
  3152 | D:4      | Reached skill level 5 in Ranged Weapons
  3187 | D:4      | 3187 ||| RIP SEWER
  3360 | D:4      | 3360 ||| PLANNING D:1-11
  3360 | D:4      | 3360 ||| READING 2 scrolls of identify.
  3360 | D:4      | 3360 ||| IDENTIFYING sedimented yellow potion
  3361 | D:4      | 3361 ||| DROPPING potion of degeneration.
  3385 | D:5      | Entered Level 5 of the Dungeon
  3386 | D:5      | 3386 ||| PLANNING OSSUARY
  3399 | D:5      | Noticed a phantom
  3407 | D:5      | Killed a phantom
  3408 | D:5      | Reached skill level 3 in Fighting
  3408 | D:5      | Reached XP level 6. HP: 35/38 MP: 7/7
  3458 | D:5      | Noticed Eustachio
  3479 | D:5      | Killed Eustachio
  3480 | D:5      | Reached skill level 3 in Armour
  3523 | D:5      | Noticed Grinder
  3524 | D:5      | Paralysed by Grinder for 3 turns
  3539 | D:5      | 3539 ||| FLEEEEING.
  3539 | D:5      | Paralysed by Grinder for 5 turns
  3550 | D:5      | 3550 ||| FLEEEEING.
  3551 | D:5      | 3551 ||| FLEEEEING.
  3552 | D:5      | 3552 ||| FLEEEEING.
  3553 | D:5      | 3553 ||| FLEEEEING.
  3553 | D:5      | Paralysed by Grinder for 2 turns
  3555 | D:5      | 3555 ||| FLEEEEING.
  3556 | D:5      | 3556 ||| FLEEEEING.
  3557 | D:5      | 3557 ||| FLEEEEING.
  3560 | D:5      | 3560 ||| FLEEEEING.
  3561 | D:5      | 3561 ||| FLEEEEING.
  3562 | D:5      | 3562 ||| FLEEEEING.
  3566 | D:5      | 3566 ||| STAIRDANCE
  3596 | D:4      | 3596 ||| READING scroll labelled VOBEYS GAUMN.
  3604 | D:5      | Killed Grinder
  3605 | D:5      | Reached skill level 6 in Ranged Weapons
  3605 | D:5      | Reached XP level 7. HP: 42/42 MP: 8/8
  3659 | D:5      | HP: 10/43 [water moccasin (6)]
  3660 | D:5      | 3660 ||| READING scroll of teleportation.
  3661 | D:5      | 3661 ||| DRINKING 3 potions of heal wounds.
  3798 | D:5      | Noticed Pikel
  3806 | D:5      | HP: 8/43 [Pikel/+1 whip of freezing (3)]
  3807 | D:5      | 3807 ||| DRINKING 2 potions of heal wounds.
  3813 | D:5      | HP: 10/43 [Pikel/+1 whip of freezing (2)]
  3813 | D:5      | HP: 2/43 [Pikel/+1 whip of freezing (4)]
  3814 | D:5      | 3814 ||| DRINKING potion of heal wounds.
  3816 | D:5      | Killed Pikel
  3817 | D:5      | Reached skill level 8 in Ranged Weapons
  3817 | D:5      | Reached XP level 8. HP: 20/48 MP: 9/9
  3924 | D:5      | 3924 ||| RIP OSSUARY
  3950 | D:5      | 3950 ||| PLANNING D:1-11
  4143 | D:5      | Found a bloodstained altar of Trog.
  4221 | D:5      | Found an ornate altar of the Wu Jian Council.
  4406 | D:5      | Found an iron altar of Okawaru.
  4407 | D:5      | 4407 ||| PLANNING OKAWARU WORSHIP
  4407 | D:5      | 4407 ||| DROPPING amulet of magic regeneration.
  4408 | D:5      | 4408 ||| READING scroll labelled MUSTRA UTWOURR.
  4409 | D:5      | 4409 ||| READING scroll labelled TOEJACR DUAPE.
  4410 | D:5      | 4410 ||| READING 2 scrolls of identify.
  4410 | D:5      | 4410 ||| IDENTIFYING yellow potion
  4411 | D:5      | 4411 ||| DROPPING potion of brilliance.
  4443 | D:5      | Became a worshipper of Warmaster Okawaru
  4444 | D:5      | 4444 ||| PLANNING D:1-11
  4544 | D:6      | Reached skill level 9 in Ranged Weapons
  4642 | D:6      | Reached skill level 6 in Fighting
  4642 | D:6      | Reached XP level 9. HP: 55/55 MP: 10/10
  4655 | D:6      | Reached * piety under Okawaru
  4700 | D:6      | 4700 ||| INVOKING Heroism.
  4701 | D:6      | 4701 ||| INVOKING Heroism.
  4922 | D:6      | Found Uvulohe's Assorted Antiques.
  4923 | D:6      | 4923 ||| SWAPPING to +0 orcbow.
  4942 | D:6      | 4942 ||| DROPPING +2 heavy sling.
  4943 | D:6      | 4943 ||| READING scroll of brand weapon.
  4943 | D:6      | 4943 ||| BRANDING +0 orcbow.
  4949 | D:6      | 4949 ||| BUYING scroll of enchant weapon (187 gold).
  4949 | D:6      | Bought a scroll of enchant weapon for 187 gold pieces
  4949 | D:6      | 4949 ||| BUYING scroll of identify (50 gold).
  4949 | D:6      | Bought a scroll of identify for 50 gold pieces
  4949 | D:6      | 4949 ||| READING scroll of enchant weapon.
  4949 | D:6      | 4949 ||| ENCHANTING +0 orcbow of flaming.
  4967 | D:6      | Reached skill level 1 in Invocations
  5102 | D:6      | 5102 ||| READING 2 scrolls of identify.
  5102 | D:6      | 5102 ||| IDENTIFYING silvery potion
  5153 | D:7      | Noticed Joseph
  5162 | D:7      | Killed Joseph
  5163 | D:7      | Reached skill level 10 in Ranged Weapons
  5186 | D:7      | Reached skill level 3 in Invocations
  5186 | D:7      | 5186 ||| READING scroll of enchant weapon.
  5186 | D:7      | 5186 ||| ENCHANTING +1 orcbow of flaming.
  5218 | D:7      | 5218 ||| INVOKING Heroism.
  5221 | D:7      | Reached skill level 3 in Dodging
  5268 | D:7      | 5268 ||| INVOKING Heroism.
  5361 | D:7      | Noticed Edmund
  5362 | D:7      | 5362 ||| INVOKING Heroism.
  5365 | D:7      | Killed Edmund
  5395 | D:7      | Noticed Sigmund
  5396 | D:7      | 5396 ||| INVOKING Heroism.
  5406 | D:7      | Killed Sigmund
  5407 | D:7      | Reached skill level 11 in Ranged Weapons
  5407 | D:7      | Reached XP level 10. HP: 63/63 MP: 11/13
  5456 | D:7      | 5456 ||| READING scroll of enchant weapon.
  5456 | D:7      | 5456 ||| ENCHANTING +2 orcbow of flaming.
  5470 | D:7      | Noticed Maggie
  5477 | D:7      | 5477 ||| INVOKING Heroism.
  5482 | D:7      | Killed Maggie
  5759 | D:7      | Noticed a kobold demonologist
  5765 | D:7      | Killed a kobold demonologist
  5765 | D:7      | Reached ** piety under Okawaru
  5844 | D:7      | Found a staircase to the Ecumenical Temple.
  5892 | D:7      | 5892 ||| UPGRADING to +2 leather armour of cold resistance.
  5902 | D:7      | 5902 ||| UPGRADING to +4 ring of protection.
  5960 | D:8      | 5960 ||| Stepping ~*~*~tactically~*~*~ (outnumbered).
  5964 | D:8      | 5964 ||| Stepping ~*~*~tactically~*~*~ (outnumbered).
  5965 | D:8      | 5965 ||| Stepping ~*~*~tactically~*~*~ (outnumbered).
  5966 | D:8      | 5966 ||| Stepping ~*~*~tactically~*~*~ (outnumbered).
  5969 | D:8      | 5969 ||| Stepping ~*~*~tactically~*~*~ (outnumbered).
  6083 | D:8      | 6083 ||| INVOKING Heroism.
  6233 | D:8      | Found Dinaej's General Store.
  6243 | D:8      | 6243 ||| SHOPLISTING +6 ring of dexterity (504 gold, have
                  | 165).
  6243 | D:8      | 6243 ||| BUYING scroll of enchant weapon (105 gold).
  6243 | D:8      | Bought a scroll of enchant weapon for 105 gold pieces
  6243 | D:8      | 6243 ||| READING scroll of enchant weapon.
  6243 | D:8      | 6243 ||| ENCHANTING +3 orcbow of flaming.
  6549 | D:8      | 6549 ||| INVOKING Heroism.
  7296 | D:8      | 7296 ||| UPGRADING to +5 ring of evasion.
  7298 | D:8      | 7298 ||| UPGRADING to +6 ring of dexterity.
  7300 | D:8      | 7300 ||| UPGRADING to +5 ring of evasion.
  7302 | D:8      | 7302 ||| DROPPING +4 ring of protection.
  7303 | D:8      | 7303 ||| READING 2 scrolls of identify.
  7303 | D:8      | 7303 ||| IDENTIFYING murky green potion
  7358 | D:9      | Found a staircase to the Lair.
  7385 | D:9      | Noticed a two-headed ogre
  7386 | D:9      | 7386 ||| INVOKING Heroism.
  7391 | D:9      | Killed a two-headed ogre
  7409 | D:9      | Reached skill level 12 in Ranged Weapons
  7415 | D:9      | Noticed a two-headed ogre
  7416 | D:9      | 7416 ||| INVOKING Heroism.
  7430 | D:9      | Killed a two-headed ogre
  7431 | D:9      | Reached XP level 11. HP: 22/68 MP: 12/14
  7436 | D:9      | 7436 ||| INVOKING Heroism.
  7439 | D:9      | Reached skill level 13 in Ranged Weapons
  7617 | D:9      | Reached *** piety under Okawaru
  7712 | D:9      | 7712 ||| READING scroll of enchant armour.
  7712 | D:9      | 7712 ||| ENCHANTING +0 pair of gloves.
  7868 | D:9      | 7868 ||| FLEEEEING.
  7869 | D:9      | 7869 ||| FLEEEEING.
  7870 | D:9      | 7870 ||| FLEEEEING.
  7871 | D:9      | 7871 ||| FLEEEEING.
  7872 | D:9      | 7872 ||| FLEEEEING.
  7873 | D:9      | 7873 ||| FLEEEEING.
  7874 | D:9      | 7874 ||| FLEEEEING.
  7875 | D:9      | 7875 ||| STAIRDANCE
  7957 | D:8      | 7957 ||| READING 2 scrolls labelled YRUEKHON YDUT.
  7958 | D:8      | 7958 ||| READING scroll labelled UKYPSAGUOLL.
  7958 | D:8      | Identified a scroll of acquirement
  7958 | D:8      | 7958 ||| ACQUIRING 593 gold pieces
  7958 | D:8      | Acquired 593 gold pieces
  7960 | D:8      | 7960 ||| DROPPING scroll of vulnerability.
  7964 | D:9      | Reached skill level 9 in Fighting
  7989 | D:9      | Noticed a two-headed ogre
  7990 | D:9      | 7990 ||| INVOKING Heroism.
  7994 | D:9      | Killed a two-headed ogre
  8073 | D:9      | 8073 ||| DRINKING 6 potions of curing.
  8073 | D:9      | 8073 ||| (to cure confusion)
  8139 | D:9      | 8139 ||| Stepping ~*~*~tactically~*~*~ (outnumbered).
  8140 | D:9      | 8140 ||| Stepping ~*~*~tactically~*~*~ (outnumbered).
  8309 | D:9      | 8309 ||| PLANNING LAIR
  8339 | Lair:1   | Entered Level 1 of the Lair of Beasts
  8350 | Lair:1   | Identified the +1 leather armour "Wofeul" {Fly rN+++ Str-2
                  | Stlth-}
  8365 | Lair:1   | 8365 ||| INVOKING Heroism.
  8415 | Lair:1   | 8415 ||| INVOKING Heroism.
  8430 | Lair:1   | Reached **** piety under Okawaru
  8469 | Lair:1   | 8469 ||| INVOKING Heroism.
  8470 | Lair:1   | 8470 ||| UPGRADING to +1 leather armour "Wofeul" {Fly rN+++
                  | Str-2 Stlth-}.
  8471 | Lair:1   | 8471 ||| UPGRADING to +1 leather armour "Wofeul" {Fly rN+++
                  | Str-2 Stlth-}.
  8472 | Lair:1   | 8472 ||| UPGRADING to +1 leather armour "Wofeul" {Fly rN+++
                  | Str-2 Stlth-}.
  8473 | Lair:1   | 8473 ||| UPGRADING to +1 leather armour "Wofeul" {Fly rN+++
                  | Str-2 Stlth-}.
  8474 | Lair:1   | 8474 ||| UPGRADING to +1 leather armour "Wofeul" {Fly rN+++
                  | Str-2 Stlth-}.
  8490 | Lair:1   | 8490 ||| UPGRADING to +1 leather armour "Wofeul" {Fly rN+++
                  | Str-2 Stlth-}.
  8594 | Lair:1   | 8594 ||| INVOKING Heroism.
  8603 | Lair:1   | Reached skill level 14 in Ranged Weapons
  8618 | Lair:1   | 8618 ||| INVOKING Heroism.
  8725 | Lair:1   | 8725 ||| INVOKING Heroism.
  8816 | Lair:1   | 8816 ||| INVOKING Heroism.
  8968 | Lair:1   | 8968 ||| INVOKING Heroism.
  8973 | Lair:1   | Reached XP level 12. HP: 77/77 MP: 13/16
  9059 | Lair:1   | Found a runed translucent door.
  9346 | Lair:1   | Noticed qw's ghost (novice MiHs)
  9555 | Lair:1   | 9555 ||| READING scroll labelled TIPTYED YGGOASS.
  9656 | Lair:1   | 9656 ||| READING 2 scrolls of identify.
  9656 | Lair:1   | 9656 ||| IDENTIFYING brown potion
  9657 | Lair:1   | 9657 ||| DROPPING potion of invisibility.
  9705 | Lair:2   | 9705 ||| READING scroll of enchant armour.
  9705 | Lair:2   | 9705 ||| ENCHANTING +1 pair of gloves.
  9731 | Lair:2   | Reached skill level 6 in Invocations
  9753 | Lair:2   | 9753 ||| INVOKING Heroism.
  9773 | Lair:2   | Found a runed translucent gate.
  9773 | Lair:2   | Found a runed translucent gate.
  9774 | Lair:2   | Found a runed translucent gate.
  9775 | Lair:2   | Noticed qw's ghost (journeyman DEHu)
  9776 | Lair:2   | Noticed qw's ghost (journeyman GrFi)
 10041 | Lair:2   | Noticed a five-headed hydra
 10042 | Lair:2   | 10042 ||| INVOKING Heroism.
 10050 | Lair:2   | Killed a five-headed hydra
 10099 | Lair:2   | Found a staircase to the Swamp.
 10331 | Lair:2   | 10331 ||| UPGRADING to +2 helmet.
 10336 | Lair:2   | 10336 ||| READING scroll labelled POFUIXOCWA.
 10337 | Lair:2   | 10337 ||| READING 2 scrolls of identify.
 10337 | Lair:2   | 10337 ||| IDENTIFYING gluggy blue potion
 10354 | Lair:3   | 10354 ||| INVOKING Heroism.
 10359 | Lair:3   | Reached skill level 15 in Ranged Weapons
 10416 | Lair:3   | 10416 ||| INVOKING Heroism.
 10602 | Lair:3   | Found a staircase to the Snake Pit.
 10703 | Lair:3   | 10703 ||| INVOKING Heroism.
 10727 | Lair:3   | Identified the +3 broad axe of Dadgh {drain, Will+}
 10738 | Lair:3   | 10738 ||| INVOKING Heroism.
 10755 | Lair:3   | Reached skill level 9 in Invocations
 10771 | Lair:3   | Reached skill level 6 in Dodging
 10780 | Lair:3   | Noticed a boulder beetle
 10782 | Lair:3   | Noticed a skyshark
 10789 | Lair:3   | Killed a skyshark
 10802 | Lair:3   | Killed a boulder beetle
 11216 | Lair:3   | 11216 ||| INVOKING Heroism.
 11222 | Lair:3   | Reached XP level 13. HP: 82/82 MP: 17/20
 11384 | Lair:4   | 11384 ||| INVOKING Heroism.
 11385 | Lair:4   | 11385 ||| Stepping ~*~*~tactically~*~*~ (cloud).
 11419 | Lair:4   | Received a gift from Okawaru
 11430 | Lair:4   | Reached skill level 16 in Ranged Weapons
 11500 | Lair:4   | 11500 ||| FLEEEEING.
 11501 | Lair:4   | 11501 ||| STAIRDANCE
 11611 | Lair:4   | Reached ***** piety under Okawaru
 11751 | Lair:4   | Received a gift from Okawaru
 11846 | Lair:4   | You are sucked into a shaft and drop 1 floor!
 11846 | Lair:5   | Entered Level 5 of the Lair of Beasts
 11847 | Lair:5   | 11847 ||| INVOKING Heroism.
 11937 | Lair:5   | 11937 ||| INVOKING Heroism.
 12348 | Lair:4   | Found a viscous altar of Jiyva.
 12348 | Lair:4   | Found a staircase to the Slime Pits.
 12381 | Lair:4   | 12381 ||| INVOKING Heroism.
 12382 | Lair:4   | 12382 ||| INVOKING Finesse.
 12415 | Lair:4   | Identified the +1 pair of gloves of Faelafet {Stlth+}
                  | (Okawaru gifted it to you on level 4 of the Lair of Beasts)
 12415 | Lair:4   | Received a gift from Okawaru
 12633 | Lair:4   | 12633 ||| INVOKING Heroism.
 12647 | Lair:4   | Reached skill level 12 in Fighting
 12676 | Lair:4   | 12676 ||| DROPPING +1 pair of gloves of Faelafet {Stlth+}.
 12677 | Lair:4   | 12677 ||| READING scroll labelled QORUCV YHEUBO.
 12748 | Lair:5   | 12748 ||| INVOKING Heroism.
 12809 | Lair:5   | 12809 ||| INVOKING Heroism.
 12848 | Lair:5   | Gained mutation: Your large and strong wings let you fly.
                  | [Gargoyle growth]
 12848 | Lair:5   | Reached XP level 14. HP: 88/92 MP: 21/21
 12916 | Lair:5   | 12916 ||| INVOKING Heroism.
 13242 | Lair:5   | 13242 ||| INVOKING Heroism.
 13274 | Lair:5   | Reached skill level 6 in Armour
 13288 | Lair:5   | 13288 ||| INVOKING Heroism.
 13289 | Lair:5   | HP: 16/94 [blink frog (9)]
 13290 | Lair:5   | 13290 ||| READING 2 scrolls of teleportation.
 13290 | Lair:5   | Slain by a komodo dragon

Levels and vault maps discovered:
D:1:      tarquinn_simple_flora_water_b, layout_basic
D:2:      layout_basic, serial_shops, nicolae_shop_peninsula,
          shapermc_ecumenical_altar_gd, dreamdust_wishing_well, minivault_5
D:3:      layout_rooms, nicolae_dithmenos_the_darkroom, marbit_many_paths,
          nicolae_qazlal_eye_of_the_storm, nicolae_ru_awakened_eye,
          chequers_temple_overflow_statue_of_worship, minivault_11,
          kennysheep_doodads, hangedman_glass_teeth, amcnicky_mini_pool_small,
          dk_vineyard_1, kennysheep_generic_room_2
D:4:      layout_loops_ring, mainiacjoe_overflow_concentric_impassable,
          ebering_ghost_reflecting_pool, gup_sewer_entry_spiral
D:5:      layout_rooms, kennysheep_little_box, lemuel_tele_altar,
          lemuel_doored_altar, enter_ossuary_5, kennysheep_generic_room_5,
          uniq_grinder, uniq_eustachio, uniq_pikel
D:6:      layout_cave_pools, kennysheep_windowed_goal
D:7:      nicolae_BIG_FREAKIN_CUBE, layout_rooms,
          chequers_serial_rivers_small_a, sigmund_edmund_badplayer, uniq_joseph,
          uniq_maggie
D:8:      layout_layer_cave, serial_shops, shop
D:9:      layout_gridville, dpeg_oklobed_lair, minmay_misc_feat_five,
          minmay_circle_x
Lair:1:   layout_concentric_octagons, ebering_ghost_reflecting_pool,
          serial_bayou_crossing, grunt_megastairs_1, serial_bayou_shore_a
Lair:2:   layout_big_grid, skrybe_swamp_entry_bodies, gammafunk_ghost_cemetery,
          cheibrodos_lair_caveside_slide
Lair:3:   layout_cave_pods, guppyfry_snake_entry_garden, lemuel_fruit_tree
Lair:4:   layout_cave_pods, dpeg_slime_entry_enclosed, beast_lair_carwin_8
Lair:5:   hellmonk_lair_end_abyssal_woods, layout_regular_city

Skill      XL: |  1  2  3  4  5  6  7  8  9 10 11 12 13 14 |
---------------+-------------------------------------------+-----
Ranged Weapons | 3 4 5 6 8 9 11 12 14 15 16 | 16.0
Fighting       | 2 3 4 6 7 8 10 12 13 | 13.0
Armour         | 3 4 5 6 |  6.0
Dodging        | 2 3 4 5 6 8 |  8.1
Invocations    | 4 5 9 10 | 10.0
Spellcasting   | |  1.0
Hexes          | |  2.6

Action                     |  1- 3 |  4- 6 |  7- 9 | 10-12 | 13-15 || total
---------------------------+-------+-------+-------+-------+-------++-------
   Fire: Sling             |   114 |   143 |   135 |       |       ||   392
         Orcbow            |       |       |    83 |   495 |   399 ||   977
 Invoke: Heroism           |       |       |     5 |    22 |    10 ||    37
         Finesse           |       |       |       |       |     1 ||     1
    Use: Scroll            |     2 |     6 |     8 |    11 |     2 ||    29
         Potion            |     1 |     6 |     3 |     1 |       ||    11
 Armour: Robe              |    12 |       |       |       |       ||    12
         Ring mail         |    20 |    12 |       |       |       ||    32
         Leather armour    |       |    71 |    51 |    35 |    55 ||   212
  Dodge: Dodged            |    54 |    91 |    80 |   160 |   218 ||   603
  Block: Other             |       |    18 |    38 |    45 |    65 ||   166
         Reflection        |       |       |     5 |       |       ||     5

Table legend:
 A = Non-vault XP
 B = Vault XP
 C = Vault XP percentage of total XP
 D = Non-vault monster count
 E = Vault monster count
 F = Vault count percentage of total count
                 A         B        C        D         E       F
            +---------+---------+-------+---------+---------+-------
      Total |   51187 |    9746 |  16.0 |     288 |      45 |  13.5
            +---------+---------+-------+---------+---------+-------
        D:1 |      30 |       0 |   0.0 |      18 |       0 |   0.0
        D:2 |      71 |       0 |   0.0 |      18 |       0 |   0.0
        D:3 |      34 |      19 |  35.8 |      13 |       4 |  23.5
        D:4 |      55 |      26 |  32.1 |       5 |       7 |  58.3
        D:5 |     444 |    1175 |  72.6 |       6 |       5 |  45.5
        D:6 |     857 |     186 |  17.8 |      18 |       3 |  14.3
        D:7 |    1757 |    1292 |  42.4 |      20 |       4 |  16.7
        D:8 |     918 |       0 |   0.0 |      21 |       0 |   0.0
        D:9 |    4635 |     909 |  16.4 |      25 |       6 |  19.4
     Lair:1 |    5031 |    1177 |  19.0 |      25 |       4 |  13.8
     Lair:2 |    4302 |     649 |  13.1 |      17 |       1 |   5.6
     Lair:3 |    8451 |     160 |   1.9 |      27 |       1 |   3.6
     Lair:4 |    8312 |    4153 |  33.3 |      22 |      10 |  31.2
     Lair:5 |   16290 |       0 |   0.0 |      53 |       0 |   0.0
            +---------+---------+-------+---------+---------+-------
